Barracuda vs Rocket
(R1)
Created - November 8, 2023 at 21:25
Goals
|
| Barracuda |
1 |
1 |
1 |
3 |
| Rocket |
1 |
0 |
1 |
2 |
|
Shots
|
| Barracuda |
3 |
14 |
12 |
29 |
| Rocket |
19 |
6 |
10 |
35 |
|
1st period
1. Barracuda , Emil Pettersson 6 (William Carrier 12, Mac Hollowell 2) at 7:23
2. Rocket , Jakob Lilja 3 (Karson Kuhlman 6, JC Lipon 2) at 14:51
Penalties :
William Carrier (S.J) for Hooking (Minor) at 5:03, Logan Stanley (S.J) for Interference (Minor) at 8:26, Logan Stanley (S.J) for Tripping (Minor) at 15:36, Eric Gustafsson (S.J) for Tripping (Minor) at 19:35
2nd period
3. Barracuda , Emil Pettersson 7 (Robin Norell 3, Mario Lucia 3) at 5:55
Penalties :
Brandon Pirri (Lav) for Roughing (Double Minor) at 10:14
3rd period
4. Rocket , Branden Troock 4 (Raphael Bussieres 1, Karson Kuhlman 7) at 4:59
5. Barracuda , Eric Gustafsson 4 (Theodor Blueger 12, Samuel Groulx 8) at 11:59 (PP)
Penalties :
Jaedon Descheneau (S.J) for Tripping (Minor) at 8:27, Sergey Tolchinsky (Lav) for Tripping (Minor) at 11:42, Sergey Tolchinsky (Lav) for Roughing (Minor) at 15:57, Adam Gaudette (Lav) for Tripping (Minor) at 19:50
Goalie Stats
Joni Ortio (S.J), 33 saves from 35 shots - (0.943), W, 5-1-1, 60:00 minutes
Jamie Phillips (Lav), 26 saves from 29 shots - (0.897), L, 1-3-1, 59:04 minutes
Players Stats for Barracuda
Player Name G A P +/- PIM S H SB GA TA FO MP PP MP PK MP
------------------------------------------------------------------------------------
Alex Henriksson 0 0 0 0 0 2 0 1 1 0 0/1 12:46 1:39 2:44
Cole Ully 0 0 0 1 0 2 0 0 1 0 1/1 13:48 0:34 0:23
Emil Pettersson 2 0 2 2 0 6 1 0 0 0 15/32 22:43 3:18 5:09
Eric Gustafsson 1 0 1 -1 2 2 2 4 1 0 0/0 27:53 3:39 5:20
Jaedon Descheneau 0 0 0 0 2 0 1 0 0 0 0/0 13:18 0:36 0:00
Jordan Gross 0 0 0 0 0 0 0 0 0 0 0/0 10:26 0:00 0:00
Kurtis Macdermid 0 0 0 -2 0 2 2 0 1 0 1/2 14:55 2:21 2:32
Kyle Platzer 0 0 0 -1 0 0 0 0 0 0 1/3 9:01 0:00 1:58
Logan Stanley 0 0 0 1 4 1 3 1 0 0 0/0 19:12 2:45 1:43
Mac Hollowell 0 1 1 0 0 1 0 0 0 1 0/0 12:28 0:00 2:01
Mario Lucia 0 1 1 1 0 1 1 0 1 0 1/3 17:09 3:27 0:00
Nikolai Kovalenko 0 0 0 0 0 0 0 1 0 0 0/0 6:27 0:00 0:00
Noah Gregor 0 0 0 0 0 2 1 2 1 0 2/10 12:30 0:00 0:00
Robin Norell 0 1 1 1 0 3 1 3 2 0 0/0 22:20 2:45 4:49
Samuel Groulx 0 1 1 -1 0 2 0 3 0 5 0/0 28:05 3:39 5:57
Theodor Blueger 0 1 1 -1 0 1 1 0 0 0 6/13 20:47 3:08 4:00
Thomas Gobeil 0 0 0 -2 0 3 0 0 0 0 0/1 12:22 2:21 0:00
William Carrier 0 1 1 2 2 1 2 0 0 0 0/0 13:50 1:48 3:04
Players Stats for Rocket
Player Name G A P +/- PIM S H SB GA TA FO MP PP MP PK MP
------------------------------------------------------------------------------------
Adam Gaudette 0 0 0 0 2 3 4 2 1 0 2/2 23:53 5:19 3:22
Andrei Mironov 0 0 0 0 0 0 0 2 1 3 0/0 20:24 4:02 2:18
Andrey Pedan 0 0 0 0 0 0 0 2 0 0 0/0 20:24 4:02 2:18
Branden Troock 1 0 1 0 0 2 1 0 0 1 0/0 6:52 0:08 0:00
Brandon Pirri 0 0 0 0 4 7 0 1 0 0 3/4 21:25 5:18 0:44
Dean Kukan 0 0 0 -1 0 4 4 1 0 1 0/0 27:53 5:53 3:45
Dominic Turgeon 0 0 0 0 0 0 0 3 0 0 19/32 23:51 5:18 3:28
Dylan DeMelo 0 0 0 1 0 0 0 2 0 0 0/0 11:43 0:00 0:21
Jack Glover 0 0 0 1 0 0 1 0 0 0 0/0 11:43 0:00 0:21
Jakob Lilja 1 0 1 0 0 2 1 0 1 0 0/0 12:40 0:09 1:17
JC Lipon 0 1 1 1 0 0 0 0 0 0 0/0 10:27 0:00 0:00
Karson Kuhlman 0 2 2 0 0 3 0 1 0 1 5/7 12:13 0:09 0:50
Luke Kunin 0 0 0 1 0 0 1 0 0 0 1/1 6:05 0:00 0:00
Peter Holland 0 0 0 -1 0 5 1 0 1 0 8/18 18:00 4:28 2:15
Raphael Bussieres 0 1 1 1 0 1 0 1 0 0 0/0 6:19 0:00 0:14
Scott Wilson 0 0 0 -1 0 3 2 0 1 0 0/1 15:26 4:28 0:00
Sergey Tolchinsky 0 0 0 -1 4 2 2 0 1 0 1/1 16:21 4:28 0:38
Viktor Loov 0 0 0 -1 0 3 0 2 0 2 0/0 27:53 5:53 3:45
3 Stars
1 - Emil Pettersson (S.J)
2 - Joni Ortio (S.J)
3 - Robin Norell (S.J)
Power Play
Barracuda - 1 on 5 Attempt(s) - 20.00%
Rocket - 0 on 5 Attempt(s) - 0.00%
Penalty Kill
Barracuda - 5 on 5 Attempt(s) - 100.00%
- Score 0 goal in Penalty Kill
Rocket - 4 on 5 Attempt(s) - 80.00%
- Score 0 goal in Penalty Kill
Team Stat
Barracuda - Hits : 15 - Faceoff Wins : 27 - Blocked Shots : 15 - Penalty Minutes : 10
Rocket - Hits : 17 - Faceoff Wins : 39 - Blocked Shots : 17 - Penalty Minutes : 10
Official
Referees : Marc Joannette and Eric Furlatt
Linesman : Mark Shewchyk and Steve Barton
Game Notes
William Carrier is injured at 0:05 of 3rd period (Left Ankle)
Finance
Level 1 -- Attendance: 1966 (98.30%) -- Ticket Income $137,620
Level 2 -- Attendance: 914 (91.40%) -- Ticket Income $36,560
Total Attendance: 2880 (96.00%)
Total Ticket Income: $174,180
Other Income: $8,709
Total Income: $182,889
Barracuda
5 vs 5 Forward
Center Left Wing Right Wing Time % Phy DF OF
1 Emil Pettersson William Carrier Mario Lucia 40 1 2 2
2 Theodor Blueger Kurtis Macdermid Thomas Gobeil 30 1 2 2
3 Noah Gregor Cole Ully Jaedon Descheneau 20 1 2 2
4 Kyle Platzer Alex Henriksson Nikolai Kovalenko 10 1 2 2
5 vs 5 Defense
Defense Defense Time % Phy DF OF
1 Eric Gustafsson Samuel Groulx 40 1 2 2
2 Logan Stanley Robin Norell 30 1 2 2
3 Mac Hollowell Jordan Gross 20 1 2 2
4 Eric Gustafsson Samuel Groulx 10 1 2 2
PowerPlay Forward
Center Left Wing Right Wing Time % Phy DF OF
1 Emil Pettersson William Carrier Mario Lucia 60 1 2 2
2 Theodor Blueger Kurtis Macdermid Thomas Gobeil 40 1 2 2
PowerPlay Defense
Defense Defense Time % Phy DF OF
1 Eric Gustafsson Samuel Groulx 60 1 2 2
2 Logan Stanley Robin Norell 40 1 2 2
Penalty Kill 4 Players Forward
Center Wing Time % Phy DF OF
1 Emil Pettersson William Carrier 60 1 2 2
2 Theodor Blueger Kurtis Macdermid 40 1 2 2
Penalty Kill 4 Players Defense
Defense Defense Time % Phy DF OF
1 Eric Gustafsson Samuel Groulx 60 1 2 2
2 Logan Stanley Robin Norell 40 1 2 2
Penalty Kill - 3 Players Forward
Forward Time % Phy DF OF
1 Emil Pettersson 60 1 2 2
2 Theodor Blueger 40 1 2 2
Penalty Kill - 3 Players Defense
Defense Defense Time % Phy DF OF
1 Eric Gustafsson Samuel Groulx 60 1 2 2
2 Logan Stanley Robin Norell 40 1 2 2
4 vs 4 Forward
Center Wing Time % Phy DF OF
1 Emil Pettersson William Carrier 60 1 2 2
2 Theodor Blueger Kurtis Macdermid 40 1 2 2
4 vs 4 Defense
Defense Defense Time % Phy DF OF
1 Eric Gustafsson Samuel Groulx 60 1 2 2
2 Logan Stanley Robin Norell 40 1 2 2
Last Minutes Offensive
Center Left Wing Right Wing Defense Defense
Emil Pettersson William Carrier Mario Lucia Eric Gustafsson Samuel Groulx
Last Minutes Defensive
Center Left Wing Right Wing Defense Defense
Emil Pettersson William Carrier Mario Lucia Eric Gustafsson Samuel Groulx
Goaltenders
Starting : Joni Ortio
Backup : Joacim Eriksson
Extra Forwards
Normal : Theodor Blueger, Alex Henriksson, Mario Lucia - PP : Theodor Blueger, Alex Henriksson - PK : Theodor Blueger
Extra Defensemen
Normal : Robin Norell, Mac Hollowell, Jordan Gross - PP : Robin Norell - PK : Robin Norell, Mac Hollowell
Penalty Shots
William Carrier, Kurtis Macdermid, Emil Pettersson, Cole Ully, Theodor Blueger
Custom OT Lines Forwards
William Carrier, Kurtis Macdermid, Emil Pettersson, Cole Ully, Theodor Blueger, Alex Henriksson, Mario Lucia, Noah Gregor, Kyle Platzer, Thomas Gobeil
Custom OT Lines Defensemen
Eric Gustafsson, Samuel Groulx, Logan Stanley, Robin Norell, Mac Hollowell
Scratches
Alex Lintuniemi (Healthy), Aleksi Heponiemi (Healthy), Ben Jones (Healthy), Jacob Peterson (Healthy), Scott Reedy (Healthy)
Ryan Merkley (Healthy), Bode Wilde (Healthy), Dennis Cholowski (Healthy), Alexei Toropchenko (Healthy), Kevin Mandolese (Healthy)
Rocket
5 vs 5 Forward
Center Left Wing Right Wing Time % Phy DF OF
1 Dominic Turgeon Brandon Pirri Adam Gaudette 40 0 2 3
2 Peter Holland Sergey Tolchinsky Scott Wilson 30 0 2 3
3 Karson Kuhlman Jakob Lilja JC Lipon 20 0 3 2
4 Luke Kunin Raphael Bussieres Branden Troock 10 0 3 2
5 vs 5 Defense
Defense Defense Time % Phy DF OF
1 Dean Kukan Viktor Loov 40 0 2 3
2 Andrey Pedan Andrei Mironov 30 0 2 3
3 Dylan DeMelo Jack Glover 20 0 3 2
4 Dean Kukan Viktor Loov 10 0 1 4
PowerPlay Forward
Center Left Wing Right Wing Time % Phy DF OF
1 Dominic Turgeon Brandon Pirri Adam Gaudette 60 0 2 3
2 Peter Holland Sergey Tolchinsky Scott Wilson 40 0 2 3
PowerPlay Defense
Defense Defense Time % Phy DF OF
1 Dean Kukan Viktor Loov 60 0 2 3
2 Andrey Pedan Andrei Mironov 40 0 2 3
Penalty Kill 4 Players Forward
Center Wing Time % Phy DF OF
1 Dominic Turgeon Adam Gaudette 60 0 4 1
2 Peter Holland Sergey Tolchinsky 40 0 4 1
Penalty Kill 4 Players Defense
Defense Defense Time % Phy DF OF
1 Dean Kukan Viktor Loov 60 0 4 1
2 Andrey Pedan Andrei Mironov 40 0 4 1
Penalty Kill - 3 Players Forward
Forward Time % Phy DF OF
1 Dominic Turgeon 60 0 5 0
2 Peter Holland 40 0 5 0
Penalty Kill - 3 Players Defense
Defense Defense Time % Phy DF OF
1 Dean Kukan Viktor Loov 60 0 5 0
2 Andrey Pedan Andrei Mironov 40 0 5 0
4 vs 4 Forward
Center Wing Time % Phy DF OF
1 Dominic Turgeon Jakob Lilja 60 1 2 2
2 Peter Holland Raphael Bussieres 40 1 2 2
4 vs 4 Defense
Defense Defense Time % Phy DF OF
1 Dean Kukan Viktor Loov 60 1 2 2
2 Andrey Pedan Andrei Mironov 40 1 2 2
Last Minutes Offensive
Center Left Wing Right Wing Defense Defense
Dominic Turgeon Brandon Pirri Adam Gaudette Dean Kukan Viktor Loov
Last Minutes Defensive
Center Left Wing Right Wing Defense Defense
Dominic Turgeon Raphael Bussieres Adam Gaudette Dean Kukan Viktor Loov
Goaltenders
Starting : Jamie Phillips
Backup : Eamon McAdam
Extra Forwards
Normal : Peter Holland, Sergey Tolchinsky, Karson Kuhlman - PP : Peter Holland, Sergey Tolchinsky - PK : Peter Holland
Extra Defensemen
Normal : Andrei Mironov, Dylan DeMelo, Jack Glover - PP : Andrei Mironov - PK : Andrei Mironov, Dylan DeMelo
Penalty Shots
Adam Gaudette, Brandon Pirri, Scott Wilson, Dominic Turgeon, Peter Holland
Custom OT Lines Forwards
Adam Gaudette, Brandon Pirri, Scott Wilson, Dominic Turgeon, Peter Holland, Sergey Tolchinsky, Karson Kuhlman, Jakob Lilja, JC Lipon, Luke Kunin
Custom OT Lines Defensemen
Dean Kukan, Viktor Loov, Andrey Pedan, Andrei Mironov, Dylan DeMelo
Scratches
Damien Giroux (Healthy), Reese Johnson (Healthy), Jake Pivonka (Healthy), Francis Perron (Healthy), Rasmus Sandin (Healthy)
Ryan Collins (Healthy), Taylor Leier (Healthy), MacKenzie Entwistle (Healthy), Zack MacEwen (Healthy), Mikhail Maltsev (Healthy)
Niklas Nordgren (Healthy), Alexis Gravel (Healthy), Connor Ingram (Healthy)
% Time on Ice - Barracuda
Lines # - Real PCT - Wanted PCT - Time Play
Normal Forward
1 - 34% - 40% - 14:42
2 - 23% - 30% - 10:02
3 - 29% - 20% - 12:30
4 - 15% - 10% - 6:27
Normal Defense
1 - 41% - 40% - 17:56
2 - 34% - 30% - 14:46
3 - 24% - 20% - 10:26
4 - 1% - 10% - 0:33
PP Forward
1 - 54% - 60% - 3:29
2 - 46% - 40% - 2:55
PP Defense
1 - 57% - 60% - 3:39
2 - 43% - 40% - 2:45
PK Forward
1 - 74% - 60% - 7:23
2 - 26% - 40% - 2:32
PK Defense
1 - 60% - 60% - 5:57
2 - 40% - 40% - 3:58
PK3 Forward
1 - 0% - 60%
2 - 0% - 40%
PK3 Defense
1 - 0% - 60%
2 - 0% - 40%
44 Forward
1 - 0% - 60%
2 - 0% - 40%
44 Defense
1 - 0% - 60%
2 - 0% - 40%
Last Minute Offensive - 0:00
Last Minute Defensive - 0:00
Total
Forward - 60:00
Defense - 60:00
|
% Time on Ice - Rocket
Lines # - Real PCT - Wanted PCT - Time Play
Normal Forward
1 - 35% - 40% - 14:47
2 - 26% - 30% - 11:17
3 - 25% - 20% - 10:27
4 - 14% - 10% - 6:05
Normal Defense
1 - 38% - 40% - 16:10
2 - 33% - 30% - 14:04
3 - 27% - 20% - 11:22
4 - 2% - 10% - 1:00
PP Forward
1 - 55% - 60% - 5:27
2 - 45% - 40% - 4:28
PP Defense
1 - 59% - 60% - 5:53
2 - 41% - 40% - 4:02
PK Forward
1 - 79% - 60% - 5:03
2 - 21% - 40% - 1:21
PK Defense
1 - 64% - 60% - 4:06
2 - 36% - 40% - 2:18
PK3 Forward
1 - 0% - 60%
2 - 0% - 40%
PK3 Defense
1 - 0% - 60%
2 - 0% - 40%
44 Forward
1 - 0% - 60%
2 - 0% - 40%
44 Defense
1 - 0% - 60%
2 - 0% - 40%
Last Minute Offensive - 1:05
Last Minute Defensive - 0:00
Total
Forward - 60:00
Defense - 60:00
|
Play-by-Play
1st period
0:01 of 1st period - Emil Pettersson wins face-off versus Dominic Turgeon in neutral zone.
1:28 of 1st period - Eric Gustafsson is hit by Luke Kunin and loses puck.
1:41 of 1st period - Snap shot by Peter Holland.
1:41 of 1st period - Stopped by Joni Ortio without a rebound.
1:42 of 1st period - Kyle Platzer wins face-off versus Peter Holland in Barracuda zone.
1:56 of 1st period - Icing by Jack Glover.
1:57 of 1st period - Peter Holland wins face-off versus Thomas Gobeil in Rocket zone.
2:08 of 1st period - Snap shot by Peter Holland.
2:08 of 1st period - Shot Blocked by Eric Gustafsson.
3:31 of 1st period - Wrist shot by Theodor Blueger.
3:31 of 1st period - Shot Misses the Net.
3:40 of 1st period - Icing by Andrei Mironov.
3:41 of 1st period - Peter Holland wins face-off versus Emil Pettersson in Rocket zone.
3:46 of 1st period - William Carrier is hit by Sergey Tolchinsky and loses puck.
4:09 of 1st period - Snap shot by Theodor Blueger.
4:09 of 1st period - Shot Misses the Net.
4:21 of 1st period - Snap shot by Scott Wilson.
4:21 of 1st period - Stopped by Joni Ortio without a rebound.
4:22 of 1st period - Dominic Turgeon wins face-off versus Noah Gregor in Barracuda zone.
4:29 of 1st period - Snap shot by Brandon Pirri.
4:29 of 1st period - Stopped by Joni Ortio without a rebound.
4:30 of 1st period - Brandon Pirri wins face-off versus Noah Gregor in Barracuda zone.
4:35 of 1st period - Wrist shot by Adam Gaudette.
4:35 of 1st period - Stopped by Joni Ortio with a rebound.
4:37 of 1st period - Snap shot by Dean Kukan.
4:37 of 1st period - Shot Blocked by Samuel Groulx.
4:39 of 1st period - Backhand shot by Dean Kukan.
4:39 of 1st period - Deflect By Adam Gaudette.
4:39 of 1st period - Shot Misses the Net.
4:39 of 1st period - Puck is out of play.
4:40 of 1st period - Dominic Turgeon wins face-off versus Emil Pettersson in Barracuda zone.
5:03 of 1st period - Minor Penalty to William Carrier for Hooking.
5:04 of 1st period - Emil Pettersson wins face-off versus Dominic Turgeon in Barracuda zone.
7:03 of 1st period - Penalty to William Carrier is over, William Carrier is back on ice.
7:15 of 1st period - Slapshot by William Carrier.
7:15 of 1st period - Stopped by Jamie Phillips with a rebound.
7:17 of 1st period - Snap shot by Emil Pettersson.
7:17 of 1st period - Shot Blocked by Andrei Mironov.
7:19 of 1st period - Wrist shot by Mac Hollowell.
7:19 of 1st period - Shot Misses the Net.
7:21 of 1st period - Slapshot by William Carrier.
7:21 of 1st period - Shot Blocked by Andrei Mironov.
7:23 of 1st period - Backhand shot by Emil Pettersson.
7:23 of 1st period - Goal by Emil Pettersson - Barracuda : 1 - Rocket : 0.
7:24 of 1st period - Kurtis Macdermid wins face-off versus Dominic Turgeon in neutral zone.
7:37 of 1st period - Slapshot by Brandon Pirri.
7:37 of 1st period - Stopped by Joni Ortio with a rebound.
7:39 of 1st period - Slapshot by Viktor Loov.
7:39 of 1st period - Stopped by Joni Ortio without a rebound.
7:40 of 1st period - Karson Kuhlman wins face-off versus Noah Gregor in Barracuda zone.
7:45 of 1st period - Snap shot by Karson Kuhlman.
7:45 of 1st period - Stopped by Joni Ortio with a rebound.
7:47 of 1st period - Slapshot by Dean Kukan.
7:47 of 1st period - Stopped by Joni Ortio with a rebound.
7:49 of 1st period - Slapshot by Viktor Loov.
7:49 of 1st period - Shot Blocked by Samuel Groulx.
7:53 of 1st period - Snap shot by Karson Kuhlman.
7:53 of 1st period - Shot Misses the Net.
7:55 of 1st period - Wrist shot by Karson Kuhlman.
7:55 of 1st period - Stopped by Joni Ortio without a rebound.
7:56 of 1st period - Dominic Turgeon wins face-off versus Mario Lucia in Barracuda zone.
8:03 of 1st period - Backhand shot by Brandon Pirri.
8:03 of 1st period - Stopped by Joni Ortio without a rebound.
8:04 of 1st period - Dominic Turgeon wins face-off versus Emil Pettersson in Barracuda zone.
8:07 of 1st period - Snap shot by Adam Gaudette.
8:07 of 1st period - Stopped by Joni Ortio with a rebound.
8:09 of 1st period - Slapshot by Dean Kukan.
8:09 of 1st period - Stopped by Joni Ortio with a rebound.
8:11 of 1st period - Wrist shot by Brandon Pirri.
8:11 of 1st period - Shot Misses the Net.
8:19 of 1st period - Snap shot by Brandon Pirri.
8:19 of 1st period - Shot Misses the Net.
8:21 of 1st period - Slapshot by Dean Kukan.
8:21 of 1st period - Stopped by Joni Ortio with a rebound.
8:23 of 1st period - Slapshot by Viktor Loov.
8:23 of 1st period - Stopped by Joni Ortio without a rebound.
8:24 of 1st period - Theodor Blueger wins face-off versus Peter Holland in Barracuda zone.
8:26 of 1st period - Minor Penalty to Logan Stanley for Interference.
8:27 of 1st period - Dominic Turgeon wins face-off versus Emil Pettersson in Barracuda zone.
8:33 of 1st period - Dean Kukan is hit by William Carrier and loses puck.
9:39 of 1st period - Robin Norell is hit by Peter Holland.
10:26 of 1st period - Penalty to Logan Stanley is over, Logan Stanley is back on ice.
11:41 of 1st period - Karson Kuhlman is hit by William Carrier.
12:16 of 1st period - Logan Stanley is hit by Sergey Tolchinsky and loses puck.
13:11 of 1st period - Wrist shot by Theodor Blueger.
13:11 of 1st period - Shot Misses the Net.
13:19 of 1st period - Dylan DeMelo is hit by Eric Gustafsson and loses puck.
13:38 of 1st period - Snap shot by Cole Ully.
13:38 of 1st period - Shot Misses the Net.
14:03 of 1st period - Snap shot by Peter Holland.
14:03 of 1st period - Stopped by Joni Ortio without a rebound.
14:04 of 1st period - Emil Pettersson wins face-off versus Dominic Turgeon in Barracuda zone.
14:17 of 1st period - Snap shot by Mario Lucia.
14:17 of 1st period - Stopped by Jamie Phillips with a rebound.
14:36 of 1st period - Slapshot by Karson Kuhlman.
14:36 of 1st period - Stopped by Joni Ortio without a rebound.
14:37 of 1st period - Karson Kuhlman wins face-off versus Kurtis Macdermid in Barracuda zone.
14:37 of 1st period - Karson Kuhlman is hit by Theodor Blueger.
14:51 of 1st period - Slapshot by Jakob Lilja.
14:51 of 1st period - Goal by Jakob Lilja - Barracuda : 1 - Rocket : 1.
14:52 of 1st period - Adam Gaudette wins face-off versus Emil Pettersson in neutral zone.
15:05 of 1st period - Slapshot by Eric Gustafsson.
15:05 of 1st period - Shot Blocked by Viktor Loov.
15:07 of 1st period - Snap shot by Eric Gustafsson.
15:07 of 1st period - Shot Misses the Net.
15:14 of 1st period - Icing by Adam Gaudette.
15:15 of 1st period - Dominic Turgeon wins face-off versus Theodor Blueger in Rocket zone.
15:26 of 1st period - Snap shot by Peter Holland.
15:26 of 1st period - Stopped by Joni Ortio with a rebound.
15:30 of 1st period - Wrist shot by Scott Wilson.
15:30 of 1st period - Shot Blocked by Robin Norell.
15:36 of 1st period - Minor Penalty to Logan Stanley for Tripping.
15:37 of 1st period - Emil Pettersson wins face-off versus Dominic Turgeon in Barracuda zone.
15:48 of 1st period - Samuel Groulx is hit by Adam Gaudette and loses puck.
16:09 of 1st period - Wrist shot by Scott Wilson.
16:09 of 1st period - Stopped by Joni Ortio with a rebound.
17:36 of 1st period - Penalty to Logan Stanley is over, Logan Stanley is back on ice.
17:50 of 1st period - Cole Ully is hit by Adam Gaudette and loses puck.
19:35 of 1st period - Minor Penalty to Eric Gustafsson for Tripping.
19:36 of 1st period - Emil Pettersson wins face-off versus Dominic Turgeon in Barracuda zone.
Goals for this period are 1 for Barracuda vs 1 for Rocket.
Shots for this period are 3 for Barracuda vs 19 for Rocket.
2nd period
0:01 of 2nd period - Emil Pettersson wins face-off versus Dominic Turgeon in neutral zone.
0:08 of 2nd period - Snap shot by William Carrier.
0:08 of 2nd period - Shot Blocked by Dean Kukan.
1:35 of 2nd period - Penalty to Eric Gustafsson is over, Eric Gustafsson is back on ice.
1:50 of 2nd period - Snap shot by Kyle Platzer.
1:50 of 2nd period - Shot Misses the Net.
2:10 of 2nd period - Wrist shot by Noah Gregor.
2:10 of 2nd period - Stopped by Jamie Phillips with a rebound.
2:12 of 2nd period - Slapshot by Mac Hollowell.
2:12 of 2nd period - Deflect By Cole Ully.
2:12 of 2nd period - Shot Blocked by Dylan DeMelo.
2:12 of 2nd period - Puck is out of play.
2:13 of 2nd period - Theodor Blueger wins face-off versus Scott Wilson in Rocket zone.
2:16 of 2nd period - Wrist shot by Theodor Blueger.
2:16 of 2nd period - Deflect By Kurtis Macdermid.
2:16 of 2nd period - Shot Misses the Net.
2:16 of 2nd period - Puck is out of play.
2:17 of 2nd period - Theodor Blueger wins face-off versus Peter Holland in Rocket zone.
3:32 of 2nd period - Robin Norell is hit by Branden Troock.
4:17 of 2nd period - Snap shot by Adam Gaudette.
4:17 of 2nd period - Shot Misses the Net.
5:13 of 2nd period - Slapshot by Luke Kunin.
5:13 of 2nd period - Shot Misses the Net.
5:15 of 2nd period - Snap shot by Raphael Bussieres.
5:15 of 2nd period - Stopped by Joni Ortio without a rebound.
5:16 of 2nd period - Dominic Turgeon wins face-off versus Theodor Blueger in Barracuda zone.
5:23 of 2nd period - Snap shot by Brandon Pirri.
5:23 of 2nd period - Deflect By Theodor Blueger.
5:23 of 2nd period - Stopped by Joni Ortio with a rebound.
5:49 of 2nd period - Slapshot by Emil Pettersson.
5:49 of 2nd period - Shot Misses the Net.
5:51 of 2nd period - Slapshot by Robin Norell.
5:51 of 2nd period - Stopped by Jamie Phillips with a rebound.
5:53 of 2nd period - Slapshot by Robin Norell.
5:53 of 2nd period - Stopped by Jamie Phillips with a rebound.
5:55 of 2nd period - Slapshot by Emil Pettersson.
5:55 of 2nd period - Goal by Emil Pettersson - Barracuda : 2 - Rocket : 1.
5:56 of 2nd period - Dominic Turgeon wins face-off versus Mario Lucia in neutral zone.
5:58 of 2nd period - Off-side.
5:59 of 2nd period - Dominic Turgeon wins face-off versus Emil Pettersson in neutral zone.
6:04 of 2nd period - Wrist shot by Adam Gaudette.
6:04 of 2nd period - Stopped by Joni Ortio with a rebound.
6:06 of 2nd period - Snap shot by Dominic Turgeon.
6:06 of 2nd period - Deflect By Brandon Pirri.
6:06 of 2nd period - Stopped by Joni Ortio without a rebound.
6:07 of 2nd period - Dominic Turgeon wins face-off versus Emil Pettersson in Barracuda zone.
6:10 of 2nd period - Snap shot by Adam Gaudette.
6:10 of 2nd period - Shot Misses the Net.
7:19 of 2nd period - Slapshot by Samuel Groulx.
7:19 of 2nd period - Shot Blocked by Dylan DeMelo.
7:21 of 2nd period - Slapshot by Samuel Groulx.
7:21 of 2nd period - Shot Blocked by Adam Gaudette.
7:27 of 2nd period - Snap shot by Kyle Platzer.
7:27 of 2nd period - Shot Misses the Net.
7:29 of 2nd period - Slapshot by Eric Gustafsson.
7:29 of 2nd period - Stopped by Jamie Phillips with a rebound.
7:59 of 2nd period - Dylan DeMelo is hit by Kurtis Macdermid and loses puck.
8:24 of 2nd period - Snap shot by Noah Gregor.
8:24 of 2nd period - Shot Blocked by Karson Kuhlman.
8:26 of 2nd period - Snap shot by Noah Gregor.
8:26 of 2nd period - Deflect By Dylan DeMelo.
8:26 of 2nd period - Shot Misses the Net.
8:26 of 2nd period - Puck is out of play.
8:27 of 2nd period - Dominic Turgeon wins face-off versus Emil Pettersson in Rocket zone.
9:36 of 2nd period - Icing by Andrei Mironov.
9:37 of 2nd period - Luke Kunin wins face-off versus Emil Pettersson in Rocket zone.
9:56 of 2nd period - Slapshot by Emil Pettersson.
9:56 of 2nd period - Stopped by Jamie Phillips with a rebound.
9:58 of 2nd period - Slapshot by Mario Lucia.
9:58 of 2nd period - Shot Misses the Net.
10:00 of 2nd period - Wrist shot by William Carrier.
10:00 of 2nd period - Shot Blocked by Andrey Pedan.
10:02 of 2nd period - Slapshot by Jordan Gross.
10:02 of 2nd period - Shot Misses the Net.
10:04 of 2nd period - Snap shot by Emil Pettersson.
10:04 of 2nd period - Shot Misses the Net.
10:06 of 2nd period - Slapshot by Mac Hollowell.
10:06 of 2nd period - Stopped by Jamie Phillips with a rebound.
10:08 of 2nd period - Wrist shot by Emil Pettersson.
10:08 of 2nd period - Shot Misses the Net.
10:10 of 2nd period - Snap shot by Emil Pettersson.
10:10 of 2nd period - Stopped by Jamie Phillips without a rebound.
10:11 of 2nd period - Brandon Pirri wins face-off versus Theodor Blueger in Rocket zone.
10:11 of 2nd period - Brandon Pirri is hit by Eric Gustafsson.
10:14 of 2nd period - Double Minor Penalty to Brandon Pirri for Roughing.
10:15 of 2nd period - Dominic Turgeon wins face-off versus Emil Pettersson in Rocket zone.
12:01 of 2nd period - Logan Stanley is hit by Jakob Lilja and loses puck.
12:39 of 2nd period - Andrei Mironov is hit by Jaedon Descheneau and loses puck.
12:52 of 2nd period - Slapshot by Eric Gustafsson.
12:52 of 2nd period - Shot Blocked by Raphael Bussieres.
12:54 of 2nd period - Wrist shot by Alex Henriksson.
12:54 of 2nd period - Stopped by Jamie Phillips without a rebound.
12:55 of 2nd period - Dominic Turgeon wins face-off versus Theodor Blueger in Rocket zone.
13:37 of 2nd period - Mario Lucia is hit by Dean Kukan and loses puck.
14:14 of 2nd period - Penalty to Brandon Pirri is over, Brandon Pirri is back on ice.
14:44 of 2nd period - Slapshot by Jaedon Descheneau.
14:44 of 2nd period - Shot Blocked by Dominic Turgeon.
14:46 of 2nd period - Slapshot by Samuel Groulx.
14:46 of 2nd period - Shot Misses the Net.
14:54 of 2nd period - Slapshot by Andrei Mironov.
14:54 of 2nd period - Shot Misses the Net.
15:13 of 2nd period - Wrist shot by Cole Ully.
15:13 of 2nd period - Stopped by Jamie Phillips without a rebound.
15:14 of 2nd period - Peter Holland wins face-off versus Theodor Blueger in Rocket zone.
16:01 of 2nd period - Slapshot by Theodor Blueger.
16:01 of 2nd period - Stopped by Jamie Phillips with a rebound.
16:03 of 2nd period - Snap shot by Robin Norell.
16:03 of 2nd period - Stopped by Jamie Phillips with a rebound.
16:07 of 2nd period - Snap shot by Kurtis Macdermid.
16:07 of 2nd period - Stopped by Jamie Phillips with a rebound.
16:09 of 2nd period - Wrist shot by Thomas Gobeil.
16:09 of 2nd period - Stopped by Jamie Phillips without a rebound.
16:10 of 2nd period - Karson Kuhlman wins face-off versus Emil Pettersson in Rocket zone.
16:15 of 2nd period - William Carrier is hit by Dean Kukan.
16:21 of 2nd period - Wrist shot by Emil Pettersson.
16:21 of 2nd period - Shot Misses the Net.
16:47 of 2nd period - Snap shot by Scott Wilson.
16:47 of 2nd period - Stopped by Joni Ortio without a rebound.
16:48 of 2nd period - Emil Pettersson wins face-off versus Peter Holland in Barracuda zone.
16:48 of 2nd period - Emil Pettersson is hit by Scott Wilson.
17:13 of 2nd period - Jakob Lilja is hit by Logan Stanley.
18:58 of 2nd period - Snap shot by Peter Holland.
18:58 of 2nd period - Stopped by Joni Ortio without a rebound.
18:59 of 2nd period - Dominic Turgeon wins face-off versus Theodor Blueger in Barracuda zone.
19:08 of 2nd period - Wrist shot by Adam Gaudette.
19:08 of 2nd period - Shot Blocked by Samuel Groulx.
Goals for this period are 1 for Barracuda vs 0 for Rocket.
Shots for this period are 14 for Barracuda vs 6 for Rocket.
3rd period
0:01 of 3rd period - Dominic Turgeon wins face-off versus Emil Pettersson in neutral zone.
0:04 of 3rd period - William Carrier is hit by Adam Gaudette.
0:05 of 3rd period - William Carrier from Barracuda is injured at 0:05 of 3rd period (Left Ankle).
0:06 of 3rd period - Dominic Turgeon wins face-off versus Emil Pettersson in Barracuda zone.
0:09 of 3rd period - Wrist shot by Brandon Pirri.
0:09 of 3rd period - Stopped by Joni Ortio without a rebound.
0:10 of 3rd period - Emil Pettersson wins face-off versus Dominic Turgeon in Barracuda zone.
0:19 of 3rd period - Slapshot by Emil Pettersson.
0:19 of 3rd period - Stopped by Jamie Phillips with a rebound.
0:41 of 3rd period - Snap shot by Alex Henriksson.
0:41 of 3rd period - Shot Misses the Net.
0:47 of 3rd period - Wrist shot by Brandon Pirri.
0:47 of 3rd period - Shot Blocked by Nikolai Kovalenko.
0:49 of 3rd period - Slapshot by Dean Kukan.
0:49 of 3rd period - Shot Blocked by Eric Gustafsson.
0:51 of 3rd period - Slapshot by Dominic Turgeon.
0:51 of 3rd period - Shot Blocked by Eric Gustafsson.
0:53 of 3rd period - Slapshot by Viktor Loov.
0:53 of 3rd period - Shot Misses the Net.
0:55 of 3rd period - Wrist shot by Brandon Pirri.
0:55 of 3rd period - Stopped by Joni Ortio with a rebound.
0:57 of 3rd period - Slapshot by Dean Kukan.
0:57 of 3rd period - Shot Blocked by Alex Henriksson.
0:59 of 3rd period - Slapshot by Viktor Loov.
0:59 of 3rd period - Deflect By Adam Gaudette.
0:59 of 3rd period - Shot Misses the Net.
0:59 of 3rd period - Puck is out of play.
1:00 of 3rd period - Emil Pettersson wins face-off versus Peter Holland in Barracuda zone.
1:31 of 3rd period - Off-side.
1:32 of 3rd period - Karson Kuhlman wins face-off versus Noah Gregor in neutral zone.
2:01 of 3rd period - Slapshot by Dylan DeMelo.
2:01 of 3rd period - Shot Blocked by Eric Gustafsson.
2:03 of 3rd period - Wrist shot by Branden Troock.
2:03 of 3rd period - Stopped by Joni Ortio with a rebound.
2:09 of 3rd period - Snap shot by Branden Troock.
2:09 of 3rd period - Deflect By Raphael Bussieres.
2:09 of 3rd period - Shot Misses the Net.
2:09 of 3rd period - Puck is out of play.
2:10 of 3rd period - Mario Lucia wins face-off versus Dominic Turgeon in Barracuda zone.
2:16 of 3rd period - Off-side.
2:17 of 3rd period - Emil Pettersson wins face-off versus Dominic Turgeon in neutral zone.
2:50 of 3rd period - Snap shot by Dean Kukan.
2:50 of 3rd period - Shot Misses the Net.
3:30 of 3rd period - Slapshot by Viktor Loov.
3:30 of 3rd period - Shot Blocked by Robin Norell.
3:51 of 3rd period - Off-side.
3:52 of 3rd period - Noah Gregor wins face-off versus Peter Holland in neutral zone.
4:20 of 3rd period - Kyle Platzer is hit by Jack Glover and loses puck.
4:27 of 3rd period - Backhand shot by Alex Henriksson.
4:27 of 3rd period - Stopped by Jamie Phillips with a rebound.
4:59 of 3rd period - Snap shot by Branden Troock.
4:59 of 3rd period - Goal by Branden Troock - Barracuda : 2 - Rocket : 2.
5:00 of 3rd period - Peter Holland wins face-off versus Noah Gregor in neutral zone.
5:29 of 3rd period - Off-side.
5:30 of 3rd period - Brandon Pirri wins face-off versus Kyle Platzer in neutral zone.
6:01 of 3rd period - Snap shot by JC Lipon.
6:01 of 3rd period - Shot Blocked by Logan Stanley.
6:03 of 3rd period - Slapshot by Karson Kuhlman.
6:03 of 3rd period - Shot Misses the Net.
6:05 of 3rd period - Snap shot by JC Lipon.
6:05 of 3rd period - Deflect By Alex Henriksson.
6:05 of 3rd period - Shot Misses the Net.
6:05 of 3rd period - Puck is out of play.
6:06 of 3rd period - Sergey Tolchinsky wins face-off versus Theodor Blueger in Barracuda zone.
6:12 of 3rd period - Icing by Eric Gustafsson.
6:13 of 3rd period - Emil Pettersson wins face-off versus Peter Holland in Barracuda zone.
6:22 of 3rd period - Snap shot by Emil Pettersson.
6:22 of 3rd period - Deflect By Scott Wilson.
6:22 of 3rd period - Stopped by Jamie Phillips without a rebound.
6:23 of 3rd period - Emil Pettersson wins face-off versus Dominic Turgeon in Rocket zone.
6:32 of 3rd period - Wrist shot by Eric Gustafsson.
6:32 of 3rd period - Shot Blocked by Brandon Pirri.
6:34 of 3rd period - Slapshot by Samuel Groulx.
6:34 of 3rd period - Shot Blocked by Dominic Turgeon.
6:36 of 3rd period - Slapshot by Samuel Groulx.
6:36 of 3rd period - Stopped by Jamie Phillips without a rebound.
6:37 of 3rd period - Theodor Blueger wins face-off versus Dominic Turgeon in Rocket zone.
7:04 of 3rd period - Emil Pettersson is hit by Dean Kukan.
7:32 of 3rd period - Jakob Lilja is hit by Logan Stanley and loses puck.
7:45 of 3rd period - JC Lipon is hit by Logan Stanley.
8:14 of 3rd period - Snap shot by Emil Pettersson.
8:14 of 3rd period - Shot Misses the Net.
8:27 of 3rd period - Minor Penalty to Jaedon Descheneau for Tripping.
8:28 of 3rd period - Emil Pettersson wins face-off versus Brandon Pirri in Barracuda zone.
8:38 of 3rd period - Emil Pettersson is hit by Adam Gaudette and loses puck.
9:08 of 3rd period - Wrist shot by Sergey Tolchinsky.
9:08 of 3rd period - Stopped by Joni Ortio without a rebound.
9:09 of 3rd period - Peter Holland wins face-off versus Kyle Platzer in Barracuda zone.
9:56 of 3rd period - Slapshot by Viktor Loov.
9:56 of 3rd period - Stopped by Joni Ortio with a rebound.
10:27 of 3rd period - Penalty to Jaedon Descheneau is over, Jaedon Descheneau is back on ice.
10:36 of 3rd period - Snap shot by Jakob Lilja.
10:36 of 3rd period - Shot Blocked by Robin Norell.
10:38 of 3rd period - Wrist shot by Dean Kukan.
10:38 of 3rd period - Stopped by Joni Ortio without a rebound.
10:39 of 3rd period - Noah Gregor wins face-off versus Karson Kuhlman in Barracuda zone.
10:44 of 3rd period - Snap shot by Logan Stanley.
10:44 of 3rd period - Stopped by Jamie Phillips with a rebound.
10:46 of 3rd period - Backhand shot by Jaedon Descheneau.
10:46 of 3rd period - Shot Misses the Net.
10:48 of 3rd period - Wrist shot by Cole Ully.
10:48 of 3rd period - Stopped by Jamie Phillips without a rebound.
10:49 of 3rd period - Adam Gaudette wins face-off versus Noah Gregor in Rocket zone.
11:02 of 3rd period - Snap shot by Cole Ully.
11:02 of 3rd period - Shot Blocked by Dominic Turgeon.
11:12 of 3rd period - Wrist shot by Noah Gregor.
11:12 of 3rd period - Shot Misses the Net.
11:14 of 3rd period - Wrist shot by Jaedon Descheneau.
11:14 of 3rd period - Shot Misses the Net.
11:34 of 3rd period - Slapshot by Noah Gregor.
11:34 of 3rd period - Shot Blocked by Andrey Pedan.
11:36 of 3rd period - Slapshot by Noah Gregor.
11:36 of 3rd period - Stopped by Jamie Phillips without a rebound.
11:37 of 3rd period - Emil Pettersson wins face-off versus Peter Holland in Rocket zone.
11:37 of 3rd period - Eric Gustafsson is hit by Scott Wilson.
11:42 of 3rd period - Minor Penalty to Sergey Tolchinsky for Tripping.
11:43 of 3rd period - Dominic Turgeon wins face-off versus Emil Pettersson in Rocket zone.
11:53 of 3rd period - Snap shot by Samuel Groulx.
11:53 of 3rd period - Deflect By Adam Gaudette.
11:53 of 3rd period - Stopped by Jamie Phillips with a rebound.
11:55 of 3rd period - Slapshot by Samuel Groulx.
11:55 of 3rd period - Shot Blocked by Viktor Loov.
11:59 of 3rd period - Slapshot by Eric Gustafsson.
11:59 of 3rd period - Goal by Eric Gustafsson - Barracuda : 3 - Rocket : 2.
12:00 of 3rd period - Dominic Turgeon wins face-off versus Emil Pettersson in neutral zone.
13:45 of 3rd period - Icing by Eric Gustafsson.
13:46 of 3rd period - Cole Ully wins face-off versus Peter Holland in Barracuda zone.
13:51 of 3rd period - Peter Holland is hit by Noah Gregor and loses puck.
13:58 of 3rd period - Backhand shot by Andrei Mironov.
13:58 of 3rd period - Shot Blocked by Noah Gregor.
14:00 of 3rd period - Slapshot by Peter Holland.
14:00 of 3rd period - Stopped by Joni Ortio with a rebound.
14:02 of 3rd period - Slapshot by Andrei Mironov.
14:02 of 3rd period - Deflect By Sergey Tolchinsky.
14:02 of 3rd period - Stopped by Joni Ortio with a rebound.
14:17 of 3rd period - Andrei Mironov is hit by Kurtis Macdermid and loses puck.
14:39 of 3rd period - Andrey Pedan is hit by Mario Lucia.
14:40 of 3rd period - Icing by Andrey Pedan.
14:41 of 3rd period - Theodor Blueger wins face-off versus Karson Kuhlman in Rocket zone.
15:09 of 3rd period - Andrei Mironov is hit by Robin Norell and loses puck.
15:34 of 3rd period - Snap shot by Brandon Pirri.
15:34 of 3rd period - Shot Misses the Net.
15:52 of 3rd period - Slapshot by Kurtis Macdermid.
15:52 of 3rd period - Stopped by Jamie Phillips without a rebound.
15:53 of 3rd period - Theodor Blueger wins face-off versus Peter Holland in Rocket zone.
15:57 of 3rd period - Minor Penalty to Sergey Tolchinsky for Roughing.
15:58 of 3rd period - Emil Pettersson wins face-off versus Dominic Turgeon in Rocket zone.
16:06 of 3rd period - Snap shot by Theodor Blueger.
16:06 of 3rd period - Shot Blocked by Adam Gaudette.
16:18 of 3rd period - Viktor Loov is hit by Emil Pettersson and loses puck.
16:55 of 3rd period - Snap shot by Thomas Gobeil.
16:55 of 3rd period - Stopped by Jamie Phillips without a rebound.
16:56 of 3rd period - Peter Holland wins face-off versus Alex Henriksson in Rocket zone.
17:35 of 3rd period - Snap shot by Alex Henriksson.
17:35 of 3rd period - Deflect By Thomas Gobeil.
17:35 of 3rd period - Stopped by Jamie Phillips without a rebound.
17:36 of 3rd period - Peter Holland wins face-off versus Emil Pettersson in Rocket zone.
17:57 of 3rd period - Penalty to Sergey Tolchinsky is over, Sergey Tolchinsky is back on ice.
18:23 of 3rd period - Wrist shot by Karson Kuhlman.
18:23 of 3rd period - Deflect By Jakob Lilja.
18:23 of 3rd period - Stopped by Joni Ortio without a rebound.
18:24 of 3rd period - Karson Kuhlman wins face-off versus Noah Gregor in Barracuda zone.
18:49 of 3rd period - Jaedon Descheneau is hit by Dean Kukan and loses puck.
18:53 of 3rd period - Icing by Logan Stanley.
18:54 of 3rd period - Dominic Turgeon wins face-off versus Noah Gregor in Barracuda zone.
18:55 of 3rd period - Rocket, Jamie Phillips is pulled from the net.
19:13 of 3rd period - Wrist shot by Brandon Pirri.
19:13 of 3rd period - Shot Blocked by Noah Gregor.
19:50 of 3rd period - Minor Penalty to Adam Gaudette for Tripping.
19:51 of 3rd period - Jamie Phillips from Rocket was sent back in the game.
19:51 of 3rd period - Peter Holland wins face-off versus Emil Pettersson in Rocket zone.
Goals for this period are 1 for Barracuda vs 1 for Rocket.
Shots for this period are 12 for Barracuda vs 10 for Rocket.